Map: Ascension to Aiur LE

Players

Winthrowe

  • Race: Terran Terran
  • League: Silver
  • Spawn Location: 5:00

A.I. 1 (Very Hard) - Winner!

  • Race: Terran Terran
  • Spawn Location: 11:00

VOD

Have the link to the VOD?

Description

Time

  • Played on: Aug. 20, 2017, 6:15 p.m.
  • Length: 4:32
Show
View Real Time Build Order
Export as new Build Order

Winthrowe Terran 

Build Orders:  

Get SALT Encoding   

  12  0:01  SCV  
  13  0:13  SCV  
  14  0:19  Supply Depot  
  14  0:25  SCV  
  15  0:41  SCV  
  16  0:44  Barracks  
  16  0:58  SCV  
  16  1:00  Supply Depot  
  17  1:10  SCV  
  18  1:24  SCV  
  19  1:28  Refinery  
  19  1:37  Barracks  
  19  1:39  SCV  
  20  1:52  Orbital Command  
  20  2:11  Barracks Tech Lab  
  20  2:17  SCV  
  20  2:20  Command Center  
  21  2:23  Refinery  
  21  2:29  SCV  
  22  2:35  Barracks Tech Lab  
  22  2:47  SCV  
  23  3:04  Marine  
  24  3:05  Marine  
  25  3:16  SCV  
  26  3:28  SCV  
  26  3:30  Supply Depot  
  27  3:40  SCV  
  28  4:05  Engineering Bay  
  28  4:07  Engineering Bay  
Show
View Real Time Build Order
Export as new Build Order

A.I. 1 (Very Hard) Terran - Winner!

Build Orders:  

Get SALT Encoding   

  12  0:00  SCV  
  13  0:13  SCV  
  14  0:19  Supply Depot  
  14  0:25  SCV  
  15  0:40  SCV  
  15  0:42  Barracks  
  16  0:46  Refinery  
  16  0:52  SCV  
  17  1:03  Barracks  
  17  1:04  SCV  
  18  1:16  SCV  
  19  1:30  Marine  
  19  1:32  Orbital Command  
  20  1:41  Barracks  
  20  1:48  Marine  
  20  1:50  Marine  
  22  1:57  Supply Depot  
  22  1:59  SCV  
  23  2:06  Barracks Tech Lab  
  23  2:09  Barracks Tech Lab  
  23  2:18  SCV  
  24  2:24  Marine  
  24  2:26  Stimpack  
  24  2:27  Marine x2  
  24  2:28  Concussive Shells  
  27  2:37  Supply Depot  
  27  2:42  Marine  
  27  2:44  SCV  
  29  2:45  Marine x2  
  31  3:01  Marauder  
  31  3:03  Marine, Marauder  
  36  3:07  Supply Depot  
  36  3:19  SCV  
  37  3:21  Marine x2  
  37  3:26  Supply Depot  
  39  3:28  Marine  
  40  3:39  Marine  
  40  3:40  Marauder  
  40  3:41  Refinery  
  43  3:46  Marauder  
  45  4:02  SCV  
  46  4:09  Supply Depot, Marauder x2  
  50  4:14  SCV  
Tags
 
League
Silver
Matchup
TvT
Race
Terran
Spawn Locations
Cross Positions
Add a new tag
Caveats
  • Supply blocks, unpowered buildings, or Contaminate may cause inaccurate times.
  • Supply counts are checked every 10 seconds.